 Dungeon Crawl Stone Soup version 0.21.1-1-g345015f (webtiles) character file.

2580 eccles the Cleaver (level 9, -4/81 HPs)
             Began as a Minotaur Berserker on June 13, 2018.
             Was an Elder of Trog.
             Splashed by a brown ugly thing's acid (9 damage)
             ... on level 7 of the Dungeon.
             The game lasted 00:38:02 (6366 turns).

eccles the Cleaver (Minotaur Berserker)             Turns: 6366, Time: 00:38:03

Health: -4/81      AC: 10    Str: 22    XL:     9   Next: 32%
Magic:  8/8        EV: 13    Int:  4    God:    Trog [****..]
Gold:   290        SH:  0    Dex: 15    Spells: 8/8 levels left

rFire    . . .     SeeInvis +   v - +0 war axe
rCold    . . .     Gourm    .   (no shield)
rNeg     . . .     Faith    .   k - +1 ring mail "Yxkah" {-Tele Regen+ Dex+2 SInv} (curse)
rPois    .         Spirit   .   (helmet restricted)
rElec    .         Reflect  .   l - +1 cloak
rCorr    .         Harm     .   w - +0 pair of gloves
MR       .....     NoTele   +   (no boots)
Stlth    +.........             (no amulet)
HPRegen  0.63/turn              (no ring)
MPRegen  0.11/turn              (no ring)

@: berserk cooldown
A: retaliatory headbutt, horns 2
a: Berserk, Trog's Hand, Brothers in Arms, Burn Spellbooks, Renounce Religion


You were on level 7 of the Dungeon.
You worshipped Trog.
Trog was greatly pleased with you.
You were hungry.

You visited 1 branch of the dungeon, and saw 7 of its levels.
You also visited: Sewer.

You collected 290 gold pieces.

Inventory:

Hand Weapons
 a - a +0 hand axe
 f - a +0 mace
 v - a +0 war axe (weapon)
Missiles
 d - 3 poisoned javelins (quivered)
 j - 5 javelins
Armour
 b - a +0 animal skin
 k - the cursed +1 ring mail "Yxkah" (worn) {-Tele Regen+ Dex+2 SInv}
   (You found it on level 4 of the Dungeon)

   It affects your dexterity (+2).
   It lets you see invisible.
   It prevents most forms of teleportation.
   It increases your rate of regeneration.
   It has a curse placed upon it.
 l - a +1 cloak (worn)
 n - a +0 chain mail
 w - a +0 pair of gloves (worn)
Jewellery
 m - an uncursed amulet of faith {unknown}
 u - an uncursed ring of protection from magic {unknown}
 y - a +2 ring of intelligence {unknown}
 A - a cursed -6 ring of intelligence {unknown}
 C - an uncursed ring of protection from magic {unknown}
Wands
 x - a wand of acid (15)
Scrolls
 g - 3 scrolls of magic mapping
 h - 4 scrolls of teleportation
 i - 3 scrolls of noise
 o - 2 scrolls of enchant armour
 r - 2 scrolls of blinking
 s - 2 scrolls of fog
 t - 2 scrolls of remove curse
 B - a scroll of fear
Potions
 e - a potion of berserk rage
 p - a potion of brilliance
 q - a potion of flight
 E - a potion of curing
Comestibles
 c - 13 rations
 D - 4 chunks of flesh


   Skills:
 * Level 7.8 Fighting
 * Level 11.7 Axes
 + Level 6.0 Armour
 + Level 4.5 Dodging
 + Level 1.0 Stealth


You had 8 spell levels left.
You didn't know any spells.

Dungeon Overview and Level Annotations

Branches:
Dungeon (7/15)             Temple (0/1) D:5

Altars:
Kikubaaqudgha
Okawaru


Innate Abilities, Weirdness & Mutations

You reflexively headbutt those who attack you in melee.
You have a pair of horns on your head.


Message History

You closely miss the brown ugly thing.
The brown ugly thing is lightly wounded.
The brown ugly thing barely misses you.
You hit the brown ugly thing. You headbutt the brown ugly thing.
The brown ugly thing is moderately wounded.
The brown ugly thing tail-slaps you but does no damage.
The brown ugly thing tail-slaps you!
* * * LOW HITPOINT WARNING * * *
You are splashed with acid!
The acid burns!
* * * LOW HITPOINT WARNING * * *
The bullfrog snags a nearby small bird with its tongue.
The brown ugly thing barely misses you.
You are no longer corroded.
The brown ugly thing tail-slaps you but does no damage.
You feel yourself speed up.
The brown ugly thing closely misses you.
The brown ugly thing tail-slaps you.
* * * LOW HITPOINT WARNING * * *
You are splashed with acid!
The acid burns!
You die...

#.# #.. ..# ..##.# ### ..##.#
#.##.# #.##.. #.##.# . #....#.
### .# #.#.S##. ##.## .#
#@#...##.#...#.#
#u###(.##.....#
################F# ##..###.###
................S# #.........#
######...........###F######.##
#.#########..##.# .# #.#
##.##.#####.## #.#
#........... #.# ####.#######


You could see a brown ugly thing, a bullfrog and an adder.

Vanquished Creatures
  A two-headed ogre (D:7)
  A hippogriff (D:7)
  Sigmund (D:3)
  A water moccasin (D:5)
  Purgy (Sewer)
  An ice beast (D:7)
  An ogre (D:4)
  2 centaurs (D:6)
  A big kobold (D:4)
  2 bullfrogs
  3 wights (D:6)
  2 crimson imps
  2 hounds
  2 orc priests (D:6)
  A quasit (D:5)
  Crazy Yiuf (D:3)
  A bullfrog skeleton (D:4)
  An orc wizard (D:3)
  Jessica (D:2)
  4 worker ants
  Natasha (thrice) (D:3)
  A hound skeleton (D:4)
  Robin (D:2)
  4 gnolls (D:5)
  A howler monkey skeleton (D:5)
  3 adders
  A shadow imp (D:6)
  2 oozes
  An adder skeleton (D:4)
  2 adder zombies (D:5)
  6 worms
  3 dart slugs
  7 leopard geckos
  12 orcs
  6 giant cockroaches
  15 goblins
  6 hobgoblins
  6 jackals
  5 quokkas
  6 ball pythons
  6 bats
  6 frilled lizards
  5 kobolds
  9 rats
147 creatures vanquished.

Notes
Turn   | Place    | Note
-------+----------+-------------------------------------------
     0 | D:1      | eccles the Minotaur Berserker began the quest for the Orb.
     0 | D:1      | Reached XP level 1. HP: 19/19 MP: 0/0
   243 | D:1      | Reached skill level 4 in Axes
   243 | D:1      | Reached XP level 2. HP: 18/27 MP: 1/1
  1326 | D:2      | Noticed Jessica
  1332 | D:2      | Killed Jessica
  1332 | D:2      | Reached XP level 3. HP: 34/34 MP: 2/2
  1694 | D:2      | Reached XP level 4. HP: 41/41 MP: 3/3
  1699 | D:2      | Reached ** piety under Trog
  1834 | D:2      | Noticed Robin
  1834 | D:2      | Reached skill level 5 in Axes
  1847 | D:2      | Killed Robin
  2440 | D:3      | Reached XP level 5. HP: 47/47 MP: 4/4
  2536 | D:3      | Found a runed door.
  2540 | D:3      | Noticed Crazy Yiuf
  2552 | D:3      | Killed Crazy Yiuf
  2552 | D:3      | Reached skill level 6 in Axes
  2736 | D:3      | Found a glowing drain.
  2740 | Sewer    | Entered a sewer
  2808 | Sewer    | Noticed Purgy
  2821 | Sewer    | Killed Purgy
  2821 | Sewer    | Reached skill level 5 in Fighting
  2821 | Sewer    | Reached skill level 7 in Axes
  2821 | Sewer    | Reached XP level 6. HP: 56/56 MP: 5/5
  2969 | D:3      | Noticed Natasha
  2976 | D:3      | Killed Natasha
  3016 | D:3      | Reached *** piety under Trog
  3036 | D:3      | Noticed Natasha
  3044 | D:3      | Killed Natasha
  3133 | D:3      | Noticed Sigmund
  3143 | D:3      | Killed Sigmund
  3143 | D:3      | Reached XP level 7. HP: 37/61 MP: 6/6
  3400 | D:3      | Noticed Natasha
  3409 | D:3      | Killed Natasha
  3458 | D:4      | Reached skill level 8 in Axes
  4017 | D:4      | Got a scorched ring mail
  4028 | D:4      | Identified the cursed +1 ring mail "Yxkah" {-Tele Regen+ Dex+2 SInv} (You found it on level 4 of the Dungeon)
  4700 | D:5      | Entered Level 5 of the Dungeon
  5171 | D:5      | Reached skill level 9 in Axes
  5171 | D:5      | Reached XP level 8. HP: 71/71 MP: 7/7
  5324 | D:5      | Found a staircase to the Ecumenical Temple.
  5523 | D:6      | Reached skill level 1 in Stealth
  5628 | D:6      | Found an iron altar of Okawaru.
  5628 | D:6      | Found an ancient bone altar of Kikubaaqudgha.
  5932 | D:6      | Reached skill level 10 in Axes
  5952 | D:6      | Reached **** piety under Trog
  5952 | D:6      | Reached skill level 5 in Armour
  6308 | D:7      | Noticed a hippogriff
  6312 | D:7      | Killed a hippogriff
  6317 | D:7      | Noticed a two-headed ogre
  6331 | D:7      | Killed a two-headed ogre
  6331 | D:7      | Reached skill level 11 in Axes
  6331 | D:7      | Reached XP level 9. HP: 63/80 MP: 8/8
  6344 | D:7      | Noticed a brown ugly thing
  6356 | D:7      | HP: 3/81 [acid (9)]
  6366 | D:7      | Splashed by a brown ugly thing's acid

Skill      XL: |  1  2  3  4  5  6  7  8  9 |
---------------+----------------------------+-----
Axes           | 4 5 7 9 11 | 11.7
Fighting       | 4 5 6 7 |  7.8
Dodging        | 3 4 |  4.5
Armour         | 3 4 5 6 |  6.0
Stealth        | 1 |  1.0

Action                   |  1- 3 |  4- 6 |  7- 9 || total
-------------------------+-------+-------+-------++-------
Melee: Hand axe          |    63 |   147 |    71 ||   281
       Headbutt          |     8 |    28 |    37 ||    73
       War axe           |       |       |    91 ||    91
Invok: Berserk           |     1 |     4 |     1 ||     6
       Trog's Hand       |       |     1 |       ||     1
       Burn Spellbooks   |       |       |     2 ||     2
Evoke: Wand              |       |       |     1 ||     1
  Use: Scroll            |     5 |       |     8 ||    13
       Potion            |     1 |     4 |     6 ||    11
 Stab: Sleeping          |     1 |       |       ||     1
  Eat: Chunk             |     3 |     5 |     8 ||    16
       Ration            |       |     1 |     1 ||     2
Armor: Animal skin       |    11 |     5 |       ||    16
       Chain mail        |       |    42 |    12 ||    54
       Ring mail         |       |       |    48 ||    48
Dodge: Dodged            |    51 |    78 |   117 ||   246
